AoeStats
← PoW I Erestor I

Black Forest

503128521Analyzed
4v4 RM · 1mo ago on Aug 30, 2026· 83m 48s· 8 players
Game mode
Random Map
Map size
Large (8 player)
Population
200
Speed
Normal
Resources
Standard
Victory
Conquest
Starting age
Dark Age
Ending age
Imperial Age
RankedLock teamsTeams togetherTeam positionsShared explorationLock speedFull tech treeHidden civsTurbo modeCheats
Victory
Defeat
🇸🇪 Mongols · Sweden
989
+12
🇩🇪 Persians · Germany
988
+12
🇩🇪 Saracens · Germany
863
+18
🇦🇺 Chinese · Australia
839
+19
🇨🇦 Bohemians · Canada
951
-17
🇲🇽 Malians · Mexico
907
-15
🇯🇵 Portuguese · Japan
905
-15
🇬🇧 Persians · United Kingdom
851
-13
BOOSON 8
15:56 Feudal Age
23:14 Castle Age
21:16 Double-Bit Axe
22:22 Horse Collar
28:54 Caravan
29:26 Coinage
29:20 Bow Saw
29:18 Heavy Plow
31:31 Gold Mining
31:31 Stone Mining
35:45 Imperial Age
33:51 Wheelbarrow
35:59 Gold Shaft Mining
35:59 Stone Shaft Mining
35:41 Elite War Elephant
37:06 Crop Rotation
37:05 Guilds
37:27 Banking
40:11 Conscription
41:48 Chemistry
43:15 Two-Man Saw
42:09 Pikeman
42:35 Gambesons
42:50 Squires
42:36 Arson
44:09 Forging
44:04 Scale Barding Armor
43:50 Fletching
44:00 Padded Archer Armor
44:00 Scale Mail Armor
44:18 Halberdier
48:02 Herbal Medicine
48:23 Block Printing
48:43 Theocracy
48:09 Devotion
48:20 Fervor
51:55 Iron Casting
51:15 Bodkin Arrow
51:36 Chain Mail Armor
51:42 Chain Barding Armor
51:38 Leather Archer Armor
55:58 Plate Barding Armor
56:24 Blast Furnace
57:03 Plate Mail Armor
57:04 Ring Archer Armor
67:08 Onager
71:04 Heavy Camel Rider
78:17 Husbandry
78:28 Bloodlines
81:04 Light Cavalry
inteligenteplaya
4:40 Loom
14:31 Feudal Age
22:40 Castle Age
20:50 Gold Mining
20:42 Horse Collar
20:51 Double-Bit Axe
21:35 Stone Mining
21:54 Padded Archer Armor
22:56 Fletching
24:22 Wheelbarrow
25:14 Gold Shaft Mining
24:56 Heavy Plow
25:35 Bow Saw
28:18 Caravan
30:28 Crossbowman
32:33 Hand Cart
32:06 Town Watch
32:45 Thumb Ring
32:59 Leather Archer Armor
32:39 Bodkin Arrow
32:47 Murder Holes
33:13 Ballistics
32:33 Treadmill Crane
36:37 Tigui
37:04 Scale Mail Armor
37:17 Forging
36:29 Elite Skirmisher
38:08 Stone Shaft Mining
38:18 Chain Mail Armor
37:27 Pikeman
38:08 Squires
37:53 Arson
38:45 Fortified Wall
38:46 Masonry
39:41 Iron Casting
42:38 Imperial Age
40:50 Fervor
40:51 Scale Barding Armor
40:10 Man-at-Arms
41:59 Coinage
42:07 Husbandry
42:17 Bloodlines
41:28 Light Cavalry
41:51 Long Swordsman
43:34 Chain Barding Armor
44:19 Chemistry
43:50 Architecture
43:52 Farimba
44:02 Arbalester
45:15 Ring Archer Armor
44:17 Onager
45:25 Redemption
45:04 Elite Gbeto
46:06 Conscription
45:44 Siege Onager
53:03 Hoardings
51:52 Heavy Camel Rider
56:37 Plate Barding Armor
56:33 Plate Mail Armor
60:24 Two-Handed Swordsman
tyco170
0:52 Loom
10:56 Feudal Age
11:22 Double-Bit Axe
11:19 Horse Collar
11:57 Man-at-Arms
18:03 Arson
21:30 Wheelbarrow
21:58 Town Watch
24:36 Castle Age
25:47 Hand Cart
25:34 Heavy Plow
25:47 Bow Saw
25:59 Town Patrol
28:02 Caravan
33:19 Imperial Age
31:54 Chemistry
33:09 Ballistics
33:18 Fletching
33:28 Padded Archer Armor
35:46 Two-Man Saw
35:01 Bodkin Arrow
35:22 Leather Archer Armor
35:28 Long Swordsman
36:09 Squires
39:19 Siege Engineers
39:51 Houfnice
45:35 Bracer
46:05 Ring Archer Armor
45:41 Scale Barding Armor
45:37 Scale Mail Armor
45:47 Forging
45:28 Treadmill Crane
49:24 Wagenburg Tactics
49:25 Hussite Reforms
48:41 Elite Hussite Wagon
49:42 Conscription
51:13 Iron Casting
50:53 Chain Mail Armor
50:59 Chain Barding Armor
52:04 Redemption
51:55 Atonement
54:28 Sanctity
54:19 Fervor
54:10 Devotion
54:35 Illumination
55:34 Block Printing
57:22 Block Printing
59:19 Blast Furnace
81:23 Heavy Scorpion
y_oshi
0:26 Loom
12:30 Feudal Age
17:29 Double-Bit Axe
20:03 Castle Age
18:47 Horse Collar
19:17 Stone Mining
21:33 Pikeman
24:12 Wheelbarrow
24:23 Fervor
27:58 Sanctity
30:14 Bow Saw
31:03 Gold Mining
31:45 Heavy Plow
35:06 Imperial Age
32:49 Scale Mail Armor
34:03 Hand Cart
34:01 Forging
33:42 Fletching
34:11 Gambesons
34:29 Padded Archer Armor
35:30 Fortified Wall
35:58 Iron Casting
36:56 Chemistry
37:05 Two-Man Saw
36:49 Thumb Ring
37:36 Conscription
39:02 Stone Shaft Mining
38:33 Arquebus
39:42 Block Printing
41:35 Siege Engineers
41:13 Treadmill Crane
41:30 Bodkin Arrow
41:52 Chain Mail Armor
42:39 Murder Holes
42:46 Bracer
43:47 Blast Furnace
42:23 Halberdier
44:30 Theocracy
45:40 Elite Organ Gun
46:48 Bombard Tower
46:49 Ballistics
47:02 Plate Mail Armor
48:56 Leather Archer Armor
56:31 Ring Archer Armor
56:13 Masonry
60:23 Town Watch
79:32 Crop Rotation
G0ldenKNIGHT
1:00 Loom
14:13 Feudal Age
16:06 Double-Bit Axe
18:27 Horse Collar
22:55 Castle Age
22:08 Bloodlines
23:44 Husbandry
24:33 Stone Mining
26:41 Heavy Plow
27:18 Fortified Wall
28:05 Bow Saw
32:40 Gold Mining
35:00 Scale Mail Armor
35:09 Scale Barding Armor
35:15 Forging
38:58 Imperial Age
39:28 Nomads
40:28 Elite Steppe Lancer
41:54 Conscription
42:17 Iron Casting
42:20 Chain Barding Armor
44:19 Blast Furnace
45:57 Murder Holes
62:39 Gold Shaft Mining
73:28 Caravan
73:02 Light Cavalry
75:49 Hussar
Demshredz
1:51 Loom
2:28 Loom
10:35 Feudal Age
16:09 Castle Age
14:05 Horse Collar
14:14 Double-Bit Axe
17:25 Wheelbarrow
16:53 Heavy Plow
21:22 Bow Saw
23:20 Stone Mining
23:44 Gold Mining
27:16 Hand Cart
28:02 Stone Shaft Mining
32:01 Imperial Age
31:25 Caravan
31:31 Caravan
33:19 Conscription
32:37 Elite War Elephant
34:28 Gold Shaft Mining
35:53 Two-Man Saw
35:48 Crop Rotation
36:03 Bloodlines
35:54 Husbandry
36:10 Forging
36:06 Scale Barding Armor
37:59 Iron Casting
38:23 Coinage
38:04 Guilds
38:23 Chain Barding Armor
39:38 Banking
39:20 Guilds
39:04 Town Watch
39:42 Ballistics
40:23 Chemistry
39:23 Murder Holes
39:48 Masonry
40:41 Blast Furnace
39:31 Fletching
39:37 Light Cavalry
44:34 Hussar
64:09 Plate Barding Armor
66:44 Pikeman
67:25 Squires
67:11 Arson
68:25 Halberdier
73:47 Architecture
73:28 Kamandaran
73:46 Citadels
73:01 Crossbowman
73:47 Thumb Ring
78:34 Cavalier
82:38 Hoardings
PoW I Erestor I
0:31 Loom
10:48 Feudal Age
19:59 Castle Age
18:17 Stone Mining
18:39 Double-Bit Axe
19:19 Gold Mining
19:15 Horse Collar
28:41 Fortified Wall
28:47 Bow Saw
34:12 Imperial Age
32:10 Caravan
32:31 Husbandry
32:50 Bloodlines
33:14 Heavy Plow
33:53 Gold Shaft Mining
33:08 Town Watch
34:25 Wheelbarrow
34:33 Scale Barding Armor
35:12 Forging
36:23 Conscription
35:55 Elite Mameluke
38:03 Iron Casting
37:49 Chain Barding Armor
39:44 Blast Furnace
40:19 Plate Barding Armor
44:18 Two-Man Saw
48:02 Ballistics
48:42 Chemistry
48:20 Hand Cart
47:59 Fletching
48:09 Padded Archer Armor
Mathayas
0:37 Loom
13:35 Feudal Age
14:47 Double-Bit Axe
24:28 Town Watch
29:15 Castle Age
28:35 Stone Mining
28:37 Gold Mining
28:33 Horse Collar
31:55 Town Patrol
35:58 Wheelbarrow
37:18 Hand Cart
40:38 Imperial Age
38:40 Fletching
39:20 Bodkin Arrow
41:23 Masonry
42:42 Chemistry
42:50 Light Cavalry
44:02 Heavy Rocket Cart
51:46 Bow Saw
53:59 Bloodlines
53:53 Husbandry
55:44 Conscription
57:47 Forging
57:43 Scale Barding Armor
59:50 Iron Casting
59:37 Chain Barding Armor
60:01 Thumb Ring
60:03 Bracer
60:07 Padded Archer Armor
60:10 Scale Mail Armor
68:18 Coinage
70:17 Gold Shaft Mining
76:16 Elite Chu Ko Nu
77:14 Leather Archer Armor
77:36 Plate Barding Armor
78:06 Blast Furnace
79:03 Ballistics
79:14 Architecture
83:10 Banking
83:13 Caravan
Connection lost

Rejoining the realm…

Still unreachable

The connection could not be restored.

Session expired

The server has moved on; the page needs a fresh start.